 Dungeon Crawl Stone Soup version 0.20.1-1-g8b1a95d (webtiles) character file.

45 pstr the Conjurer (level 3, 0/28 HPs)
             Began as a Kobold Conjurer on Oct 31, 2017.
             Slain by a goblin (3 damage)
             ... on level 2 of the Dungeon.
             The game lasted 00:04:34 (1200 turns).

pstr the Conjurer (Kobold Conjurer)                 Turns: 1200, Time: 00:04:34

Health: 0/28       AC: 21    Str:  5    XL:     3   Next: 90%
Magic:  1/6        EV:  3    Int: 17    God:
Gold:   18         SH:  0    Dex: 20    Spells: 3/6 levels left

rFire    . . .     SeeInvis .   i - +1 whip (holy)
rCold    . . .     Gourm    .   (shield restricted)
rNeg     + + +     Faith    .   (armour currently unavailable)
rPois    +         Spirit   .   (helmet currently unavailable)
rElec    .         Reflect  .   (cloak currently unavailable)
rCorr    .         Harm     .   (gloves currently unavailable)
MR       .....     NoTele   +   (boots currently unavailable)
Stlth    ++++......             (no amulet)
Regen    0.1/turn               (no ring)
MPRegen  0.1/turn               (no ring)

@: agile, tree-form
A: carnivore 3
a: no special abilities


You were on level 2 of the Dungeon.
You were very full.
You were a tree.
You visited 1 branch of the dungeon, and saw 2 of its levels.

You collected 18 gold pieces.

Inventory:

Hand Weapons
 i - a +1 whip of holy wrath (weapon)
 o - a cursed -2 short sword
Missiles
 j - 41 stones (quivered)
Armour
 a - a +0 robe
 e - a +0 leather armour (melded)
Scrolls
 d - a scroll of noise
 g - a scroll of remove curse {unknown}
 n - a scroll of recharging {unknown}
 p - a scroll of identify {unknown}
Books
 b - a book of Conjurations

   Spells                             Type                      Level
   a - Magic Dart                     Conjuration                  1
   b - Searing Ray                    Conjuration                  2
   c - Dazzling Spray                 Conjuration/Hexes            3
   d - Fulminant Prism                Conjuration/Hexes            4
   e - Force Lance                    Conjuration/Translocation    4
   f - Iskenderun's Mystic Blast      Conjuration                  4
Comestibles
 c - a meat ration
 h - a royal jelly


   Skills:
 + Level 0.2 Fighting
 + Level 2.8 Dodging
 + Level 3.1 Stealth
 + Level 2.4 Spellcasting
 + Level 4.8 Conjurations


You had 3 spell levels left.
You knew the following spells:

 Your Spells              Type           Power        Failure   Level  Hunger
a - Magic Dart            Conj           ###.         2%          1    #......
b - Searing Ray           Conj           ###...       3%          2    ##.....


Dungeon Overview and Level Annotations

Branches:
Dungeon (2/15)

Altars:


Innate Abilities, Weirdness & Mutations

You are small and have problems with some larger weapons.
You are carnivorous and can eat meat at any time.


Message History

The frilled lizard bites you but does no damage.
The goblin hits you but does no damage. Terence hits you but does no damage.
A goblin comes into view. It is wielding a club.
You hit Terence.
You kill Terence!
Your Stealth skill increases to level 3!
The frilled lizard barely misses you. The goblin hits you.
* * * LOW HITPOINT WARNING * * *
You hit the frilled lizard.
The frilled lizard is heavily wounded.
The frilled lizard bites you but does no damage.
The goblin hits you but does no damage.
You hit the frilled lizard.
You kill the frilled lizard!
The goblin hits you but does no damage. x2
You hit the goblin but do no damage. The goblin hits you but does no damage.
The goblin hits you.
* * * LOW HITPOINT WARNING * * *
You closely miss the goblin. The goblin barely misses you. The goblin hits you.
You die...

######## #......#
#......# ###......#
###.#......#
#.g♣)......#
#...†g......#
#...........##
...............##
................#
...?............#
................######
..................<..###
............####...#


You could see 2 goblins.

Vanquished Creatures
  Terence (D:2)
  A dart slug (D:1)
  5 bats (D:1)
  A giant cockroach (D:1)
  4 goblins (D:1)
  2 hobgoblins (D:1)
  2 frilled lizards
  4 kobolds (D:1)
  A rat (D:1)
21 creatures vanquished.

Notes
Turn   | Place    | Note
-------+----------+-------------------------------------------
     0 | D:1      | pstr the Kobold Conjurer began the quest for the Orb.
     0 | D:1      | Reached XP level 1. HP: 10/10 MP: 3/3
   121 | D:1      | Reached XP level 2. HP: 4/15 MP: 0/5
   344 | D:1      | Learned a level 2 spell: Searing Ray
   807 | D:1      | Reached XP level 3. HP: 15/19 MP: 1/6
  1154 | D:2      | Noticed Terence
  1196 | D:2      | Killed Terence
  1200 | D:2      | Slain by a goblin

Skill      XL: |  1  2  3 |
---------------+----------+-----
Stealth        | 3 |  3.1
Fighting       | |  0.2
Dodging        | |  2.8
Spellcasting   | |  2.4
Conjurations   | |  4.8

Action                   || total
-------------------------++-------
Melee: Unarmed           ||     3
       Whip              ||    13
 Cast: Magic Dart        ||    11
       Searing Ray       ||    19
  Use: Scroll            ||     2
       Potion            ||     2
  Eat: Chunk             ||    10
Armor: Robe              ||     7
       Skin              ||    26
Dodge: Dodged            ||    34
